AoeStats
← roccosisteini

Black Forest

506343756Analyzed
4v4 RM · 20d ago on Sep 13, 2026· 21m 59s· 8 players
Game mode
Random Map
Map size
Large (8 player)
Population
200
Speed
Normal
Resources
Standard
Victory
Conquest
Starting age
Dark Age
Ending age
Imperial Age
RankedLock teamsTeams togetherTeam positionsShared explorationLock speedFull tech treeHidden civsTurbo modeCheats
Victory
Defeat
🇦🇺 Celts · Australia
720
+13
🇫🇷 Bohemians · France
593
+22
🇭🇰 Britons · Hong Kong SAR China
575
+19
🇳🇴 Franks · Norway
545
+20
🇯🇵 Gurjaras · Japan
682
-19
🇨🇳 Japanese · China
641
-18
🇨🇳 Khmer · China
629
-17
🇨🇳 Spanish · China
604
-16
fsqemmrpx
19:02 Feudal Age
Ming
ksksdhsf
Loopia
roccosisteini
18:52 Feudal Age
19:17 Horse Collar
19:39 Double-Bit Axe
20:39 Man-at-Arms
21:10 Arson
bensigvald
0:31 Loom
16:36 Feudal Age
20:05 Wheelbarrow
Queen
0:35 Loom
12:56 Feudal Age
14:14 Wheelbarrow
14:20 Horse Collar
14:29 Double-Bit Axe
17:47 Gold Mining
18:53 Fletching
19:14 Forging
19:05 Scale Mail Armor
19:05 Padded Archer Armor
19:12 Scale Barding Armor
DoctorBoy
0:29 Loom
Connection lost

Rejoining the realm…

Still unreachable

The connection could not be restored.

Session expired

The server has moved on; the page needs a fresh start.